 Dungeon Crawl Stone Soup version 0.16-a0-4013-gd591273 (webtiles) character file.

43 dysrexia the Ruffian (level 3, -1/30 (31) HPs)
             Began as a Ghoul Monk on Feb 17, 2015.
             Was a Believer of Cheibriados.
             Slain by Sigmund
             ... wielding a +0 scythe
              (4 damage)
             ... on level 2 of the Dungeon.
             The game lasted 00:04:50 (1064 turns).

dysrexia the Ruffian (Ghoul Monk)                   Turns: 1064, Time: 00:04:50

HP:   -1/30 (31)    AC:  5    Str: 24    XL:     3   Next: 58%
MP:   3/3           EV:  9    Int:  9    God:    Cheibriados [**....]
Gold: 89            SH:  0    Dex: 15    Spells: 0 memorised, 2 levels left

rFire  . . .     SeeInvis .       - Unarmed
rCold  + . .     Clarity  .     d - +0 chain mail (curse)
rNeg   + + +     SustAb   .     (no shield)
rPois  ∞         Gourm    .     (no helmet)
rElec  .         Spirit   .     (no cloak)
rCorr  .         Warding  .     (no gloves)
rMut   .         Stasis   .     (no boots)
MR     .....                    (no amulet)
Stlth  ..........               (no ring)
                                n - -3 ring of protection (curse)

@: confused, mighty, rotting, very slow, not resistant to hostile enchantments,
extremely unstealthy
A: rotting body, claws 1, carnivore 3, cold resistance 1, negative energy
resistance 3, poison resistance, slow healing 1, torment resistance, unbreathing
a: Bend Time, Renounce Religion


You were on level 2 of the Dungeon.
You worshipped Cheibriados.
Cheibriados was pleased with you.
You were not hungry.

You visited 1 branch of the dungeon, and saw 2 of its levels.

You collected 89 gold pieces.

Inventory:

Missiles
 h - 44 stones (quivered)
Armour
 a - a +0 robe
 d - a cursed +0 chain mail (worn)
Jewellery
 n - a cursed -3 ring of protection (left claw)
Scrolls
 c - a scroll of enchant armour {unknown}
 j - 3 scrolls of identify
Potions
 b - 3 potions of might
 f - a potion of cure mutation {unknown}
 l - a potion of heal wounds {unknown}
Comestibles
 g - 2 meat rations
 m - a slice of pizza


   Skills:
 - Level 3.2 Fighting
 - Level 2.6 Dodging
 - Level 2.1 Stealth
 + Level 5.7 Unarmed Combat


You had 2 spell levels left.
You didn't know any spells.

Dungeon Overview and Level Annotations

Branches:
Dungeon (2/15)

Altars:
Cheibriados

Annotations:
D:2 Sigmund


Innate Abilities, Weirdness & Mutations

Your body is rotting away.
You thrive on raw meat.
You have sharp fingernails.
You are carnivorous and can eat meat at any time.
Your flesh is cold resistant.
You are immune to negative energy.
Your system is resistant to poisons.
You heal slowly when monsters are visible.
You are immune to unholy pain and torment.
You can survive without breathing.


Message History

Cheibriados appreciates the change of pace.
Something hits you! Something hits you.
Items here: ) [ ††† a club; a robe; a rat corpse; a kobold corpse; a rat corpse You scratch something but do no damage.
Something hits you!
* * * LOW HITPOINT WARNING * * *
You miss something.
Your chain mail prevents you from hitting something.
You hear some strange, mumbled words.
The puff of flame hits you!
* * * LOW HITPOINT WARNING * * *
You scratch something but do no damage.
You hear some strange, mumbled words.
You are confused.
Drink which item? (? for menu, Esc to quit)
You feel very mighty all of a sudden. Something hits you but does no damage.
You bump into the rock wall.
Something hits you.
You die...

####...## .## ..#
#.#..# ..#. #
#.##.# ##... #. #.#
##.#.# #. #.# #..!.
## ## #.# #.<.# .#
#.# #...# .# #
#.#####)###.##.....
#.##......@.....#
#....######{..###
#.#### ...# ###
.#.# ##... ###


There were no monsters in sight!

Vanquished Creatures
  An adder (D:2)
  A worm (D:2)
  An adder zombie (D:1)
  2 giant geckos (D:1)
  2 goblins (D:1)
  3 hobgoblins (D:1)
  3 kobolds
  3 bats
  2 giant cockroaches (D:1)
  2 giant newts
  A quokka zombie (D:1)
  4 rats
25 creatures vanquished.

Notes
Turn   | Place    | Note
--------------------------------------------------------------
     0 | D:1      | dysrexia, the Ghoul Monk, began the quest for the Orb.
     0 | D:1      | Reached XP level 1. HP: 19/19 MP: 1/1
   183 | D:1      | Reached XP level 2. HP: 23/26 MP: 2/2
   217 | D:1      | Reached skill level 5 in Unarmed Combat
   306 | D:1      | You fall through a shaft!
   335 | D:2      | Reached XP level 3. HP: 22/31 MP: 3/3
   464 | D:1      | Found a snail-covered altar of Cheibriados.
   482 | D:1      | Became a worshipper of Cheibriados the Contemplative
  1051 | D:2      | Noticed Sigmund
  1064 | D:2      | Slain by Sigmund

Action                   || total
-------------------------++-------
Melee: Unarmed           ||    84
  Use: Scroll            ||     5
       Potion            ||     1
  Eat: Chunk             ||    10
